 Dungeon Crawl Stone Soup version 0.30.1-11-g7821555f0a (webtiles) character file.

Game seed: 18415428294781633333

9 ChrisAssaf the Sneak (level 2, -1/22 HPs)
             Began as a Human Brigand on Dec 19, 2023.
             Slain by a cerulean imp
             ... wielding a +1 spear
             ... summoned by Natasha
              (2 damage)
             ... on level 2 of the Dungeon.
             The game lasted 00:00:53 (154 turns).

ChrisAssaf the Sneak (Human Brigand)                 Turns: 154, Time: 00:00:56

Health: -1/22      AC:  3    Str: 11    XL:     2   Next: 20%
Magic:  2/2        EV: 12    Int: 11    God:
Gold:   37         SH:  0    Dex: 14    Spells: 1/1 levels left

rFire   . . .        a - +2 dagger
rCold   . . .        (no shield)
rNeg    . . .        b - +0 robe
rPois   .            (no helmet)
rElec   .            c - +0 cloak
rCorr   .            (no gloves)
SInv    .            (no boots)
Will    .....        (no amulet)
Stlth   +++          (no ring)
HPRegen 0.23/turn    (no ring)
MPRegen 0.08/turn

%: no passive effects
@: no status effects
A: no striking features
a: no special abilities


You were on level 2 of the Dungeon.
You visited 1 branch of the dungeon, and saw 2 of its levels.

You collected 37 gold pieces.

Inventory:

Hand Weapons
 a - a +2 dagger (weapon)
Missiles
 d - 8 poisoned darts (quivered)
 e - 3 curare-tipped darts
Armour
 b - a +0 robe (worn)
 c - a +0 cloak (worn)


   Skills:
 * Level 2.1 Fighting
 * Level 2.0 Short Blades
 * Level 2.0 Throwing
 * Level 0.1 Armour
 * Level 1.2 Dodging
 * Level 4.2 Stealth


You had one spell level left.
You didn't know any spells.
Your spell library was empty.

Dungeon Overview and Level Annotations

Branches:
Dungeon (2/15)

Altars:

Annotations:
D:2 Natasha


Message History

HP restored.
Natasha and a hobgoblin come into view.
Natasha is carrying a wand of flame (14).
Found a Young Poisoner's Handbook.
Natasha mumbles some strange words.
The hobgoblin shouts!
The hobgoblin hits you but does no damage.
The cerulean imp closely misses you.
You hit the hobgoblin but do no damage. You hit the hobgoblin.
The hobgoblin is severely wounded.
The cerulean imp hits you with a +1 spear.
The hobgoblin hits you but does no damage.
Natasha closely misses you.
You hit the hobgoblin but do no damage.
The hobgoblin is severely wounded.
The hobgoblin barely misses you. The cerulean imp completely misses you.
Natasha zaps a wand.
The puff of flame misses you.
You barely miss the hobgoblin.
The hobgoblin is severely wounded.
The hobgoblin hits you but does no damage.
The cerulean imp hits you with a +1 spear.
Natasha claws you!
* * * LOW HITPOINT WARNING * * *
You hit the hobgoblin.
The hobgoblin is almost dead.
The hobgoblin misses you.
The cerulean imp hits you with a +1 spear.
* * * LOW HITPOINT WARNING * * *
Unknown command.
You aren't carrying any potions.
You aren't carrying any scrolls.
Unknown command.
You hit the hobgoblin.
You kill the hobgoblin!
Natasha wildly gestures.
You feel disoriented. Natasha closely misses you.
The cerulean imp hits you with a +1 spear.
You die...

###...##
##...#..###
#..####...###
#<## ###...#
#.# ###.#### ##
#.# ##.....#...
..#
##..........
###
#.:..5......
#...@h......
.......†.......
...............
...............
...............
...............
............###
............#


You could see Natasha and a cerulean imp (summoned).

Vanquished Creatures
  A ball python (D:1)
  An endoplasm (D:1)
  2 hobgoblins
  3 kobolds (D:1)
  A goblin (D:1)
  A rat (D:1)
9 creatures vanquished.

Notes
Turn   | Place    | Note
-------+----------+-------------------------------------------
     0 | D:1      | ChrisAssaf the Human Brigand began the quest for the Orb.
     0 | D:1      | Reached XP level 1. HP: 16/16 MP: 1/1
    46 | D:1      | Reached XP level 2. HP: 5/22 MP: 2/2
   143 | D:2      | Noticed Natasha
   153 | D:2      | HP: 1/22 [cerulean imp/+1 spear[Natasha] (4)]
   154 | D:2      | Slain by a cerulean imp

Illustrated notes

Levels and vault maps discovered:
D:1:      scummos_arrival_checkerplants, layout_basic, serial_shops, shop,
          minmay_misc_feat_alley, amcnicky_mini_rare_corridor_liquid,
          st_stairs_4, minivault_26
D:2:      layout_rooms, uniq_natasha, uniq_crazy_yiuf_cottage

Action                     || total
---------------------------++-------
  Melee: Dagger            ||    32
         Punch             ||     1
  Throw: Dart              ||     6
 Armour: Robe              ||     7
  Dodge: Dodged            ||    18
